 Dungeon Crawl Stone Soup version 0.32-a0-42-ga30500b (webtiles) character file.

Game seed: 14653288807017272728

65 Dorkslayer the Ruffian (level 4, 0/28 HPs)
             Began as an Octopode Shapeshifter on Jan 28, 2024.
             Succumbed to an orc's poison
             ... on level 3 of the Dungeon.
             The game lasted 00:04:20 (1419 turns).

Dorkslayer the Ruffian (Octopode Shapeshifter)      Turns: 1419, Time: 00:04:20

Health: 0/28       AC:  1    Str: 15    XL:     4   Next: 13%
Magic:  4/4        EV: 13    Int: 12    God:
Gold:   148        SH:  0    Dex: 11    Spells: 3/3 levels left

rFire   + .          .
                       - Unarmed
rCold   + . .        (no shield)
rNeg    + . .        (helmet currently unavailable)
rPois   +            (no amulet)
rElec   +            e - ring of see invisible
rCorr   +            n - ring of positive energy
SInv    +            (no ring)
Will    .....        (no ring)
Stlth   ++           (no ring)
HPRegen 0.24/turn    (no ring)
MPRegen 0.09/turn    (no ring)
                     (no ring)

%: no passive effects
@: lethally poisoned (0 -> -3), beast-form, resistant, attractive
A: beast (slay +2), almost no armour, amphibious, 8 rings, camouflage 1,
gelatinous body 1, (nimble swimmer 1), tentacles
a: Begin Untransformation


You were on level 3 of the Dungeon.
You were a hulking beast.
You visited 1 branch of the dungeon, and saw 3 of its levels.

You collected 148 gold pieces.

Inventory:

Hand Weapons
 d - a +0 mace
Missiles
 m - 2 javelins
 q - 5 curare-tipped darts (quivered)
 s - 4 boomerangs
Jewellery
 e - a ring of see invisible (left tentacle)
 n - a ring of positive energy (right tentacle)
Talismans
 b - a beast talisman
 c - a flux talisman
Scrolls
 f - a scroll of silence {unknown}
 h - a scroll of teleportation {unknown}
 i - 2 scrolls of immolation {unknown}
 k - a scroll of enchant armour {unknown}
 l - a scroll of noise {unknown}
 p - a scroll of identify
 r - a scroll of revelation {unknown}
Potions
 a - a potion of lignification
 g - a potion of enlightenment
 o - a potion of attraction


   Skills:
 + Level 1.0 Fighting
 + Level 2.1 Dodging
 * Level 4.1 Unarmed Combat
 + Level 3.7 Shapeshifting


You had 3 spell levels left.
You didn't know any spells.
Your spell library contained the following spells:

 Spells                   Type           Power      Damage    Failure   Level
 Magic Dart               Conj           0%         1d3       32%         1
 Searing Ray              Conj           0%         2d4       45%         2
 Sublimation of Blood     Necr           0%         N/A       45%         2
 Fulminant Prism          Conj/Alch      0%         3d5       97%         4
 Petrify                  Alch/Erth      0%         N/A       97%         4
 Irradiate                Conj/Alch      0%         3d11      100%        5


Dungeon Overview and Level Annotations

Branches:
Dungeon (3/15)

Altars:


Innate Abilities, Weirdness & Mutations

You are a hulking beast.
Your limbs bulge with bestial killing power. (Slay +2)
You cannot wear most types of armour.
You are amphibious.
You can wear up to eight rings at the same time.
Your skin changes colour to match your surroundings (Stealth+).
Your rubbery body absorbs attacks. (AC +1, EV +1)
((You are camouflaged when in or above water. (Stealth+)))
You have tentacles for arms and can constrict up to eight enemies at once.


Message History

Found a scroll labelled UCO LUN RURU.
You feel sick.
You feel sick.
Found a runed scale mail.
You feel sick.
The orc throws a boomerang.
The boomerang barely misses you.
You feel sick.
You closely miss the orc. Your grab misses the orc. You squeeze the orc.
The orc is severely wounded.
You feel sick.
You are no longer poisoned.
The orc hits you with a +0 dagger of venom.
You are lethally poisoned!
You tentacle-slap the orc.
You kill the orc!
* * * LOW HITPOINT WARNING * * *
You feel very sick.
* * * LOW HITPOINT WARNING * * *
You feel sick.
A dart slug comes into view.
Things that are here:
a +0 dagger of venom; a boomerang It was a potion of attraction.
You feel attractive to monsters.
* * * LOW HITPOINT WARNING * * *
You feel sick. The endoplasm is attracted toward you.
The dart slug is attracted toward you.
You feel protected.
* * * LOW HITPOINT WARNING * * *
You feel sick. The endoplasm closely misses you.
The dart slug is attracted toward you.
You bludgeon the dart slug! You grab the dart slug.
The dart slug is severely wounded.
You constrict the dart slug.
* * * LOW HITPOINT WARNING * * *
You feel sick. The dart slug barely misses you. The endoplasm freezes you.
You are frozen.
You resist.
* * * LOW HITPOINT WARNING * * *
You tentacle-slap the dart slug.
You kill the dart slug!
You die...

.....# #.# ###.##
##### ##.# ### #..##
##..^...##.# ..[
#.#.###.#
#.#.##.##.####
#.##.#..#
#...?#.#...>..
..###.#.###.#
#..?.....#
............# #.....#
..#.####.#.†###.J#.##
#<#. #.#.#.....h..#
#.# ..###..†......#
#.# ###.#.#.#.#...##
#.. ..........##§##
... ####.....###...
##.# ####..# #..## .#
#..# #§.# .# #..#
#..# ...#


You could see an endoplasm.

Vanquished Creatures
  2 adders
  4 dart slugs
  An orc (D:3)
  3 ball pythons
  7 bats
  4 endoplasms
  A giant cockroach (D:1)
  A hobgoblin (D:1)
  3 quokkas
  3 frilled lizards
  2 goblins (D:1)
  5 kobolds
  3 rats
39 creatures vanquished.

Notes
Turn   | Place    | Note
-------+----------+-------------------------------------------
     0 | D:1      | Dorkslayer the Octopode Shapeshifter began the quest for
                  | the Orb.
     0 | D:1      | Reached XP level 1. HP: 13/13 MP: 1/1
    63 | D:1      | Reached XP level 2. HP: 10/18 MP: 2/2
   440 | D:1      | Reached XP level 3. HP: 23/23 MP: 3/3
   706 | D:2      | Found a faded altar of an unknown god.
  1398 | D:3      | Reached skill level 4 in Unarmed Combat
  1398 | D:3      | Reached XP level 4. HP: 21/28 MP: 4/4
  1418 | D:3      | HP: 1/28 [frozen (1)]
  1419 | D:3      | Succumbed to an orc's poison

Illustrated notes

Levels and vault maps discovered:
D:1:      dpeg_arrival_ternary, layout_rooms
D:2:      layout_loops_ring, dreamdust_ecumenical_altar_hidden_monk_grotto,
          minmay_quantized
D:3:      layout_loops_ring, mainiacjoe_overflow_paths,
          hellmonk_ghost_happy_afterlife

Skill      XL: |  1  2  3 |
---------------+----------+-----
Unarmed Combat | 4 |  4.1
Fighting       | |  1.0
Dodging        | |  2.1
Shapeshifting  | |  3.7

Action                     |  1- 3 |  4- 6 || total
---------------------------+-------+-------++-------
  Melee: Unarmed           |    72 |     7 ||    79
         Constrict         |    19 |     1 ||    20
         Tentacles         |     9 |     1 ||    10
         Punch             |     1 |       ||     1
    Use: Scroll            |     2 |       ||     2
         Potion            |       |     2 ||     2
   Stab: Sleeping          |     8 |       ||     8
 Armour: Skin              |    30 |     3 ||    33
  Dodge: Dodged            |    54 |     4 ||    58

Table legend: (Time is in decaauts)
 A = Elapsed time spent in this place.
 B = Non-inter-level travel time spent in this place.
 C = Inter-level travel time spent in this place.
 D = Time resting spent in this place.
 E = Time spent auto-exploring this place.
 F = Levels seen in this place.
 G = Mean time per level.
                   A        B        C        D        E       F      G
               +--------+--------+--------+--------+--------+-----+--------+
         Total |   1412 |   1412 |      0 |      0 |    830 |   3 |  470.7 |
       Dungeon |   1412 |   1412 |      0 |      0 |    830 |   3 |  470.7 |
               +--------+--------+--------+--------+--------+-----+--------+

Top non-repeatable levels by time:
     D:2: 803 daAuts
     D:1: 552 daAuts
     D:3: 57 daAuts
